 Dungeon Crawl Stone Soup version 0.28-a0-1033-g1a2f33fa85 (webtiles) character file.

Game seed: 1064606353686817301

8 mainiacjoe the Sneak (level 2, -1/21 HPs)
             Began as an Octopode Delver on Dec 8, 2021.
             Was an Initiate of Nemelex Xobeh.
             Succumbed to a kobold's poison
             ... on level 3 of the Dungeon.
             The game lasted 00:02:12 (330 turns).

mainiacjoe the Sneak (Octopode Delver)               Turns: 330, Time: 00:02:13

Health: -1/21      AC:  1    Str: 11    XL:     2   Next: 8%
Magic:  2/2        EV: 12    Int: 12    God:    Nemelex Xobeh [......]
Gold:   35         SH:  3    Dex: 13    Spells: 1/1 levels left

rFire   . . .      SeeInvis .   a - +0 mace
rCold   . . .      Faith    .   m - +0 buckler
rNeg    . . .      Spirit   .   (helmet restricted)
rPois   .          Reflect  .   (no amulet)
rElec   .          Harm     .   (no ring)
rCorr   .          Rampage  .   (no ring)
Will    .....                   (no ring)
Stlth   ++++......              (no ring)
HPRegen 0.07/turn               (no ring)
MPRegen 0.08/turn               (no ring)
                                (no ring)
                                (no ring)

@: lethally poisoned (-1 -> -3)
A: almost no armour, amphibious, 8 rings, camouflage 1, gelatinous body 1,
(nimble swimmer 1), tentacles
a: Renounce Religion, Draw Escape, Draw Destruction, Draw Summoning


You were on level 3 of the Dungeon.
You worshipped Nemelex Xobeh.
Nemelex Xobeh was noncommittal.
You visited 1 branch of the dungeon, and saw 3 of its levels.

You collected 35 gold pieces.

Inventory:

Hand Weapons
 a - a +0 mace (weapon)
Missiles
 g - 23 arrows
 h - 19 bolts
 i - 7 stones (quivered)
 j - 17 sling bullets
Armour
 m - a +0 buckler (worn)
Wands
 f - a wand of digging (1)
Scrolls
 b - a scroll of fog
 c - a scroll of magic mapping
 d - a scroll of fear
 l - a scroll of teleportation {unknown}
Potions
 e - a potion of haste
 k - a potion of curing {unknown}
 n - a potion of heal wounds {unknown}


   Skills:
 - Level 3.0 Fighting
 + Level 2.2 Maces & Flails
 - Level 2.0 Dodging
 - Level 6.8 Stealth
 + Level 0.0 Shields
 + Level 0.8 Invocations


You had one spell level left.
You didn't know any spells.
Your spell library was empty.

Dungeon Overview and Level Annotations

Branches:
Dungeon (5/15)
 Temple: D:4-7

Altars:
Nemelex Xobeh
Qazlal
Yredelemnul

Shops:
D:3 [


Innate Abilities, Weirdness & Mutations

You cannot wear most types of armour.
You are amphibious.
You can wear up to eight rings at the same time.
Your skin changes colour to match your surroundings (Stealth+).
Your rubbery body absorbs attacks. (AC +1, EV +1)
((You are camouflaged near water. (Stealth+)))
You have tentacles for arms and can constrict up to eight enemies at once.


Message History

i - 8 stones (gained 1)
i - 9 stones (gained 1)
i - 10 stones (gained 1) Key pressed, stopping explore.
i - 11 stones (gained 1)
You now have 35 gold pieces (gained 9).
A kobold comes into view.
It is wielding a +0 whip and quivering poisoned darts.
A kobold is nearby!
You throw a stone.
The stone hits the kobold but does no damage.
The kobold shouts!
The kobold throws a poisoned dart.
The poisoned dart hits you!
You are poisoned.
You throw a stone. The stone misses the kobold.
You feel sick.
You throw a stone. The stone closely misses the kobold.
You feel sick.
A frilled lizard comes into view.
You throw a stone. The frilled lizard hisses angrily.
The stone hits the kobold but does no damage.
You feel sick.
You hear an angry hiss.
A ball python comes into view.
The kobold throws a poisoned dart.
The poisoned dart hits you!
You are more poisoned.
You feel sick.
You feel sick.
You feel sick.
You feel sick. You block the kobold's attack.
You hit the kobold. Your grab misses the kobold.
Your squeeze misses the kobold.
The kobold is moderately wounded.
You feel sick. You block the kobold's attack.
You closely miss the kobold. Your grab misses the kobold.
You feel sick. The kobold hits you with a +0 whip.
* * * LOW HITPOINT WARNING * * *
The kobold hits you with a +0 whip.
* * * LOW HITPOINT WARNING * * *
You closely miss the kobold. Your grab misses the kobold.
You die...
Your body disappears without a glow.

............#######
....#..#....#.##.#
............#.##.#
.####..#...##.##.##
.................#.##
........................
#.....#.......##..#.#.##
#.##..#.....#.#...#... :
.....!..@...#.....###
..#..#.###K#.#...#.#
.....#. #l#.#...#.# ..
#. #S#.....# # #.####
.(. .(. .(


You could see a ball python, a kobold and a frilled lizard.

Vanquished Creatures
  2 endoplasms (D:3)
  A giant cockroach (D:3)
  A hobgoblin (D:3)
  A kobold (D:3)
  2 frilled lizards (D:3)
7 creatures vanquished.

Notes
Turn   | Place    | Note
-------+----------+-------------------------------------------
     0 | D:5      | mainiacjoe the Octopode Delver began the quest for the Orb.
     0 | D:5      | Reached XP level 1. HP: 16/16 MP: 1/1
     9 | D:5      | Became a worshipper of Nemelex Xobeh the Trickster
   110 | D:3      | Found a basalt altar of Yredelemnul.
   206 | D:3      | Found Otennyda's Armour Shoppe.
   221 | D:3      | Reached XP level 2. HP: 21/21 MP: 2/2
   329 | D:3      | HP: 1/21 [kobold (1)]
   330 | D:3      | Succumbed to a kobold's poison

Illustrated notes

Levels and vault maps discovered:
D:3:      minmay_razor_zed, layout_basic, mainiacjoe_overflow_alcove_1,
          serial_shops, shop, uniq_grinder
D:4:      layout_basic, minmay_temple_entry_antechambers, eino_curves_01,
          minmay_joined_circles
D:5:      nicolae_cairo_tiling_very_big, layout_gridville, trog_wizard,
          marbit_many_paths, nicolae_overflow_hidden_temple

Action                   || total
-------------------------++-------
Melee: Mace              ||    11
       Tentacles         ||     1
Throw: Stone             ||    27
Evoke: Wand              ||     2
Block: Buckler           ||     2

Table legend: (Time is in decaauts)
 A = Elapsed time spent in this place.
 B = Non-inter-level travel time spent in this place.
 C = Inter-level travel time spent in this place.
 D = Time resting spent in this place.
 E = Time spent auto-exploring this place.
 F = Levels seen in this place.
 G = Mean time per level.
                   A        B        C        D        E       F      G
               +--------+--------+--------+--------+--------+-----+--------+
         Total |    336 |    336 |      0 |     66 |    102 |   3 |  112.0 |
       Dungeon |    336 |    336 |      0 |     66 |    102 |   3 |  112.0 |
               +--------+--------+--------+--------+--------+-----+--------+

Top non-repeatable levels by time:
     D:3: 251 daAuts
     D:5: 57 daAuts
     D:4: 27 daAuts
